 Dungeon Crawl Stone Soup version 0.22-a0-565-gfc6459a (webtiles) character file.

9613 Hebeh the Cleaver (level 11, 0/99 HPs)
             Began as a Minotaur Fighter on June 28, 2018.
             Was a Follower of Trog.
             Slain by a troll (8 damage)
             ... on level 11 of the Dungeon.
             The game lasted 00:38:07 (10319 turns).

Hebeh the Cleaver (Minotaur Fighter)               Turns: 10319, Time: 00:38:08

Health: 0/99       AC: 12    Str: 23    XL:     11   Next: 25%
Magic:  22/22      EV:  9    Int:  5    God:    Trog [*.....]
Gold:   314        SH: 12    Dex: 15    Spells: 10/10 levels left

rFire    . . .     SeeInvis .   b - +2 mace (drain)
rCold    . . .     Gourm    .   c - +0 shield
rNeg     + . .     Faith    .   G - +1 scale mail "Oclo" {rPois rN+ MP+9 Slay+2}
rPois    +         Spirit   .   (helmet restricted)
rElec    .         Reflect  .   y - +0 cloak
rCorr    .         Harm     .   l - +0 pair of gloves
MR       +....                  (no boots)
Stlth    ..........             p - amulet of rage
HPRegen  0.26/turn              o - ring of protection from magic
MPRegen  0.18/turn              J - +4 ring of dexterity

@: no status effects
A: retaliatory headbutt, horns 2
a: Berserk, Renounce Religion, Evoke Berserk Rage


You were on level 11 of the Dungeon.
You worshipped Trog.
Trog was aware of your devotion.
You were not hungry.

You visited 2 branches of the dungeon, and saw 12 of its levels.

You collected 611 gold pieces.
You spent 297 gold pieces at shops.

Inventory:

Hand Weapons
 a - a +1 war axe
 b - a +2 mace of draining (weapon)
 B - a +2 flail of protection
 F - a +0 broad axe
Armour
 c - a +0 shield (worn)
 l - a +0 pair of gloves (worn)
 y - a +0 cloak (worn)
 G - the +1 scale mail "Oclo" (worn) {rPois rN+ MP+9 Slay+2}
   (You took it off an orc on level 8 of the Dungeon)

   It affects your accuracy and damage with ranged weapons and melee attacks
   (+2).
   It protects you from poison.
   It protects you from negative energy.
   It affects your magic capacity (+9).
Jewellery
 o - a ring of protection from magic (left hand)
 p - an amulet of rage (around neck)
 J - a +4 ring of dexterity (right hand)
Wands
 h - a wand of polymorph (10)
 s - a wand of flame (50)
 t - a wand of paralysis (9)
 v - a wand of acid (28)
 D - a wand of digging (15)
 E - a wand of iceblast (11)
Scrolls
 e - 6 scrolls of identify
 g - a scroll of magic mapping
 m - 6 scrolls of remove curse
 n - 2 scrolls of enchant armour
 A - 2 scrolls of immolation
 C - a scroll of fog
 H - 3 scrolls of enchant weapon
Potions
 d - 4 potions of might
 i - a potion of haste {unknown}
 j - a potion of flight {unknown}
 k - 2 potions of invisibility {unknown}
 q - a potion of cancellation {unknown}
 r - a potion of berserk rage {unknown}
 w - 2 potions of ambrosia {unknown}
 x - 3 potions of curing
 z - 3 potions of lignification
Comestibles
 f - 11 rations
 u - a chunk of flesh


   Skills:
 + Level 9.7 Fighting
 * Level 12.5 Axes
 + Level 9.6 Armour
 + Level 9.7 Shields
 + Level 5.2 Evocations


You had 10 spell levels left.
You didn't know any spells.
Your spell library contained the following spells:

 Spells                   Type           Power        Failure   Level  Hunger
 Magic Dart               Conj           #...         93%         1    ##.....
 Conjure Flame            Conj/Fire      #.......     100%        3    ####...
 Slow                     Hex            #.......     98%         2    ###....
 Mephitic Cloud           Conj/Pois/Air  #.......     100%        3    ####...
 Blink                    Tloc           N/A          98%         2    ###....
 Call Imp                 Summ           #.......     98%         2    ###....


Dungeon Overview and Level Annotations

Branches:
Dungeon (11/15)            Temple (1/1) D:5            Lair (0/6) D:10
    Orc (0/2) D:9

Altars:
Ashenzari
Cheibriados
Dithmenos
Elyvilon
Fedhas
Gozag
Hepliaklqana
Kikubaaqudgha
Makhleb
Nemelex Xobeh
Okawaru
Qazlal
Ru
Sif Muna
Trog
Uskayaw
Vehumet
Wu Jian
Xom
Yredelemnul
Zin
The Shining One

Shops:
D:6 }   D:9 *

Annotations:
D:11 Erolcha


Innate Abilities, Weirdness & Mutations

You reflexively headbutt those who attack you in melee.
You have a pair of horns on your head.


Message History

You block the troll's attack. Something hits you but does no damage.
You hit something. You block the troll's attack. The troll closely misses you.
You block the troll's attack. Something hits you but does no damage.
You closely miss something. You headbutt something.
You block the troll's attack. The troll closely misses you.
You block the troll's attack. Something hits you!
* * * LOW HITPOINT WARNING * * *
You miss something. The troll bites you!
* * * LOW HITPOINT WARNING * * *
The troll claws you!
* * * LOW HITPOINT WARNING * * *
The troll claws you but does no damage.
A vampire comes into view.
You closely miss something. You block the troll's attack.
The troll closely misses you. The troll claws you but does no damage.
Something hits you.
* * * LOW HITPOINT WARNING * * *
You miss something. The troll bites you but does no damage.
The troll claws you!
You die...

.## ... ... ..
... .. # ....
.####.# #....
.#..[..
#..V.###{.../..
#......@T#
###.#...!.# ##..
.. #.##..#.....
#.#.......##.
.###...#.........
......)<....(#...
###.#..).....# ..
.....#.........
......>......#.#


You could see a troll and a vampire.

Vanquished Creatures
  3 two-headed ogres
  Erica (D:9)
  An unseen horror (D:9)
  Pikel (D:8)
  A deep elf mage (D:10)
  A hornet (D:8)
  A hippogriff (D:7)
  Sigmund (D:5)
  Eustachio (D:6)
  3 hungry ghosts
  Edmund (D:6)
  A two-headed ogre zombie (D:9)
  Duvessa (D:6)
  2 orc warriors
  A black bear (D:9)
  2 ice beasts
  A sky beast (D:6)
  A phantom (D:5)
  A centaur (D:6)
  2 ogres
  A necrophage (D:10)
  2 big kobolds
  2 bullfrogs
  Dowan (D:6)
  A water moccasin zombie (D:10)
  A troll zombie (D:9)
  5 scorpions
  19 killer bees
  3 howler monkeys
  5 crimson imps
  A bullfrog zombie (D:11)
  A centaur zombie (D:10)
  4 hounds
  6 orc priests
  4 centaur skeletons
  4 iguanas
  Jessica (D:3)
  2 bullfrog skeletons
  8 orc wizards
  8 worker ants
  6 ogre zombies (D:9)
  4 gnolls (D:6)
  A river rat (D:6)
  12 adders
  3 shadow imps
  An adder skeleton (D:4)
  2 dart slugs
  8 leopard geckos
  19 orcs
  10 bats
  8 giant cockroaches
  11 hobgoblins
  2 jackals (D:2)
  18 kobolds
  5 quokkas
  4 ball pythons
  5 frilled lizards (D:1)
  13 goblins
  A goblin skeleton (D:9)
  5 goblin zombies (D:9)
  3 hobgoblin zombies (D:9)
  A jackal skeleton (D:6)
  A leopard gecko skeleton (D:5)
  A leopard gecko zombie (D:6)
  2 orc skeletons (D:9)
  13 orc zombies (D:9)
  9 rats
  A bush (D:6)
  A plant (D:6)
276 creatures vanquished.

Vanquished Creatures (others)
  An adder (D:8)
  2 plants (D:6)
3 creatures vanquished.

Grand Total: 279 creatures vanquished

Notes
Turn   | Place    | Note
-------+----------+-------------------------------------------
     0 | D:1      | Hebeh the Minotaur Fighter began the quest for the Orb.
     0 | D:1      | Reached XP level 1. HP: 19/19 MP: 0/0
    60 | D:1      | Reached XP level 2. HP: 27/27 MP: 1/1
    88 | D:1      | Reached skill level 3 in Axes
   292 | D:1      | Reached XP level 3. HP: 33/33 MP: 2/2
   569 | D:2      | Reached XP level 4. HP: 40/40 MP: 3/3
   599 | D:2      | Reached skill level 4 in Axes
  1061 | D:3      | Reached XP level 5. HP: 42/47 MP: 4/4
  1198 | D:3      | Noticed Jessica
  1203 | D:3      | Killed Jessica
  1284 | D:3      | Found an opulent altar of Gozag.
  1448 | D:3      | Found a faded altar of an unknown god.
  1503 | D:4      | Reached skill level 5 in Axes
  1565 | D:4      | Found a shattered altar of Ashenzari.
  1601 | D:4      | Reached XP level 6. HP: 42/55 MP: 5/5
  1606 | D:4      | Reached skill level 5 in Fighting
  1606 | D:4      | Reached skill level 5 in Shields
  1617 | D:4      | Reached skill level 5 in Armour
  2495 | D:5      | Entered Level 5 of the Dungeon
  2495 | D:5      | Noticed Sigmund
  2501 | D:5      | Killed Sigmund
  2501 | D:5      | Reached skill level 6 in Axes
  2501 | D:5      | Reached XP level 7. HP: 61/61 MP: 6/6
  2503 | D:5      | Found a staircase to the Ecumenical Temple.
  2524 | Temple   | Entered the Ecumenical Temple
  2913 | D:5      | Reached skill level 7 in Axes
  3553 | D:6      | Reached XP level 8. HP: 56/70 MP: 7/7
  3691 | D:6      | Noticed Dowan
  3692 | D:6      | Noticed Duvessa
  3705 | D:6      | Killed Duvessa
  3705 | D:6      | Reached skill level 8 in Axes
  3725 | D:6      | Killed Dowan
  3877 | D:6      | Found Kaoxok's Gadget Emporium.
  3880 | D:6      | Bought a wand of paralysis (9) for 154 gold pieces
  3926 | D:6      | Found a radiant altar of Vehumet.
  4249 | D:6      | Noticed Edmund
  4265 | D:6      | Killed Edmund
  4265 | D:6      | Reached skill level 1 in Evocations
  4545 | D:6      | Noticed Eustachio
  4583 | D:6      | Killed Eustachio
  4583 | D:6      | Reached skill level 9 in Axes
  4583 | D:6      | Reached XP level 9. HP: 76/79 MP: 9/9
  5734 | D:7      | HP: 3/80 [killer bee (3)]
  5735 | D:7      | HP: 1/80 [killer bee (1)]
  5739 | D:7      | Reached skill level 10 in Axes
  6438 | D:8      | Noticed a two-headed ogre
  6446 | D:8      | Killed a two-headed ogre
  6545 | D:8      | Noticed a two-headed ogre
  6558 | D:8      | Killed a two-headed ogre
  6558 | D:8      | Reached XP level 10. HP: 35/90 MP: 11/11
  6607 | D:8      | Got a steaming scale mail
  6800 | D:8      | Identified the cursed +1 scale mail "Oclo" {rPois rN+ MP+9 Slay+2} (You took it off an orc on level 8 of the Dungeon)
  6815 | D:8      | Noticed Pikel
  6827 | D:8      | Killed Pikel
  6827 | D:8      | Reached skill level 11 in Axes
  7422 | D:9      | Found a shimmering altar of Xom.
  7422 | D:9      | Found a blossoming altar of Fedhas.
  7422 | D:9      | Found an ancient bone altar of Kikubaaqudgha.
  7447 | D:9      | Found a staircase to the Orcish Mines.
  7490 | D:9      | Paralysed by fainting for 8 turns
  7520 | D:9      | Paralysed by a hornet for 1 turns
  7877 | D:9      | Noticed Erica
  7888 | D:9      | Killed Erica
  8120 | D:9      | Killed an unseen horror
  8120 | D:9      | Reached skill level 12 in Axes
  8182 | D:9      | Found Ecoann's General Store.
  8189 | D:9      | Bought a scroll of identify for 22 gold pieces
  8189 | D:9      | Bought 3 scrolls of remove curse for 99 gold pieces
  8189 | D:9      | Bought a scroll of identify for 22 gold pieces
  8599 | D:9      | Found a bloodstained altar of Trog.
  8606 | D:9      | Became a worshipper of Trog the Wrathful
  8879 | D:10     | Entered Level 10 of the Dungeon
  8917 | D:10     | Found a staircase to the Lair.
  9125 | D:10     | Reached XP level 11. HP: 97/97 MP: 13/13
  9423 | D:10     | Noticed a deep elf mage
  9441 | D:10     | Killed a deep elf mage
  9450 | D:10     | Reached skill level 5 in Evocations
 10134 | D:11     | Noticed a two-headed ogre
 10140 | D:10     | Reached * piety under Trog
 10208 | D:11     | Killed a two-headed ogre
 10306 | D:11     | Noticed Erolcha
 10319 | D:11     | Slain by a troll

Vault maps used:
D:1:      ebering_hopf_link, minmay_box_of_dots
D:2:      cheibrodos_pilgrimage
D:3:      nicolae_gozag_cash_rules_everything_around_me,
          chequers_ecumenical_altar_twisty, uniq_jessica
D:4:      evilmike_ruin_ashenzari
D:5:      lemuel_ice_spiral_2, minmay_temple_entry_statues_fountains,
          first_ration, uniq_sigmund
D:6:      vehumet_crystals, portal_sewer_entry_e, serial_shops, kennysheep_mini,
          lexackson_kobold_supper, uniq_duvessa, uniq_eustachio, uniq_edmund
D:8:      uniq_pikel
D:9:      lemuel_round_altar, gammafunk_temple_overflow_claw, zombieorc2_lemuel,
          serial_shops, shop, uniq_erica
D:10:     lair_entry_dummy, hangedman_stone_soup
D:11:     uniq_erolcha, uniq_maurice
Temple:   nicolae_temple_elliptical

Skill      XL: |  1  2  3  4  5  6  7  8  9 10 11 |
---------------+----------------------------------+-----
Axes           | 3 4 5 6 7 9 10 12 | 12.5
Armour         | 4 5 6 7 8 9 |  9.6
Shields        | 4 5 6 7 8 9 |  9.7
Fighting       | 4 5 6 7 8 9 |  9.7
Evocations     | 1 3 4 5 |  5.2

Action                   |  1- 3 |  4- 6 |  7- 9 | 10-12 || total
-------------------------+-------+-------+-------+-------++-------
Melee: War axe           |    73 |    40 |       |       ||   113
       Headbutt          |     7 |    24 |    79 |    61 ||   171
       Mace              |       |   108 |   358 |   299 ||   765
       Flail             |       |       |    32 |       ||    32
       Broad axe         |       |       |       |     6 ||     6
  Use: Scroll            |       |     8 |     3 |     8 ||    19
       Potion            |       |       |     1 |       ||     1
  Eat: Chunk             |       |     5 |     8 |     4 ||    17
       Ration            |       |       |     3 |     6 ||     9
Armor: Scale mail        |    28 |    66 |   159 |   220 ||   473
Dodge: Dodged            |    23 |    30 |   111 |   154 ||   318
Block: Shield            |    47 |    82 |   209 |   257 ||   595

Table legend:
 A = Spawn XP
 B = Non-spawn XP
 C = Spawn XP percentage of total XP
 D = Spawn monster count
 E = Non-spawn monster count
 F = Spawn count percentage of total count
 G = Total turns spent on level
                    A         B        C        D         E        F      G
               +---------+---------+-------+---------+---------+-------+---------
         Total |       0 |   13733 |   0.0 |       0 |     274 |   0.0 | 10319
               +---------+---------+-------+---------+---------+-------+---------
           D:1 |       0 |      53 |   0.0 |       0 |      31 |   0.0 |   548
           D:2 |       0 |     133 |   0.0 |       0 |      25 |   0.0 |   444
           D:3 |       0 |     101 |   0.0 |       0 |      23 |   0.0 |   500
           D:4 |       0 |     367 |   0.0 |       0 |      16 |   0.0 |  1003
           D:5 |       0 |     750 |   0.0 |       0 |      13 |   0.0 |   885
           D:6 |       0 |    1408 |   0.0 |       0 |      36 |   0.0 |  1320
           D:7 |       0 |    1377 |   0.0 |       0 |      23 |   0.0 |  1379
           D:8 |       0 |    3765 |   0.0 |       0 |      26 |   0.0 |  1413
           D:9 |       0 |    2824 |   0.0 |       0 |      50 |   0.0 |  1232
          D:10 |       0 |    1758 |   0.0 |       0 |      25 |   0.0 |  1307
          D:11 |       0 |    1197 |   0.0 |       0 |       6 |   0.0 |   131
               +---------+---------+-------+---------+---------+-------+---------
